 Dungeon Crawl Stone Soup version 0.31-a0-977-gc230f8ef24 (webtiles) character file.

Game seed: 1018817996356694149

55 Dirtsage the Slasher (level 3, -3/29 HPs)
             Began as a Demonspawn Fighter on Oct 29, 2023.
             Frozen to death by an endoplasm (5 damage)
             ... on level 2 of the Dungeon.
             The game lasted 00:02:48 (1499 turns).

Dirtsage the Slasher (Demonspawn Fighter)           Turns: 1499, Time: 00:02:48

Health: -3/29      AC:  9    Str: 16    XL:     3   Next: 67%
Magic:  3/3        EV:  8    Int:  9    God:
Gold:   93         SH:  4    Dex: 14    Spells: 2/2 levels left

rFire   . . .        a - +0 long sword
rCold   . . .        c - +0 buckler
rNeg    . . .        b - +0 scale mail
rPois   .            o - +0 helmet
rElec   .            f - scarf {shadows}
rCorr   .            (no gloves)
SInv    .            m - +1 pair of boots
Will    .....        (no amulet) Stlth
                     (no ring)
HPRegen 0.24/turn    (no ring)
MPRegen 0.08/turn

%: no passive effects
@: no status effects
A: powered by pain 1
a: no special abilities


You were on level 2 of the Dungeon.
You visited 1 branch of the dungeon, and saw 2 of its levels.

You collected 93 gold pieces.

Inventory:

Hand Weapons
 a - a +0 long sword (weapon)
Armour
 b - a +0 scale mail (worn)
 c - a +0 buckler (worn)
 f - a scarf of shadows (worn)
 m - a +1 pair of boots (worn)
 o - a +0 helmet (worn)
Magical Staves
 i - a staff of fire
 j - a staff of cold
Scrolls
 g - 2 scrolls of identify {unknown}
 h - a scroll of silence {unknown}
 k - a scroll of teleportation {unknown}
 l - a scroll of torment {unknown}
 n - a scroll of poison {unknown}
 p - a scroll of fear {unknown}
Potions
 d - a potion of might
 e - a potion of heal wounds {unknown}
 q - a potion of attraction {unknown}


   Skills:
 - Level 3.0 Fighting
 + Level 3.7 Long Blades
 - Level 2.6 Armour
 - Level 2.6 Shields


You had 2 spell levels left.
You didn't know any spells.
Your spell library was empty.

Dungeon Overview and Level Annotations

Branches:
Dungeon (2/15)

Altars:


Innate Abilities, Weirdness & Mutations

You sometimes gain a little power by taking damage.


Message History

The quokka is moderately wounded.
The quokka bites you. The endoplasm freezes you.
You are frozen.
* * * LOW HITPOINT WARNING * * *
The quokka bites you but does no damage.
You take 6 damage, and have 7/29 hp.
MASSIVE DAMAGE!!
You closely miss the quokka.
The quokka is moderately wounded.
You block the endoplasm's attack.
The quokka bites you but does no damage.
You hit the endoplasm.
The endoplasm is heavily wounded.
The quokka barely misses you.
The endoplasm hits you but does no damage.
The quokka bites you but does no damage.
You barely miss the endoplasm.
The endoplasm is heavily wounded.
The endoplasm hits you.
* * * LOW HITPOINT WARNING * * *
The quokka closely misses you.
The endoplasm hits you but does no damage.
You take 1 damage, and have 6/29 hp.
You barely miss the endoplasm.
The endoplasm is heavily wounded.
You block the quokka's attack. The endoplasm freezes you.
You are frozen.
* * * LOW HITPOINT WARNING * * *
The quokka completely misses you.
You take 4 damage, and have 2/29 hp.
You barely miss the endoplasm.
The endoplasm is moderately wounded.
The endoplasm closely misses you. You block the quokka's attack.
You hit the endoplasm.
The endoplasm is almost dead.
The quokka closely misses you. The endoplasm freezes you.
You are frozen.
You die...

#########
#.#...#.#.#
#.r@..#.##
#..#J#..#.#
#.. #K##..##
#.. ...##..#
#.# ..:. ##.#
#..##...##..#
#..##.##.†##
#..###..#.#
#..#..#.##...#


You could see an endoplasm, a quokka and a kobold.

Vanquished Creatures
  2 adders (D:2)
  2 bats (D:2)
  6 endoplasms
  A goblin (D:1)
  A hobgoblin (D:1)
  6 jackals
  A quokka (D:2)
  4 ball pythons (D:2)
  2 frilled lizards (D:2)
  4 kobolds
  5 rats
34 creatures vanquished.

Notes
Turn   | Place    | Note
-------+----------+-------------------------------------------
     0 | D:1      | Dirtsage the Demonspawn Fighter began the quest for the
                  | Orb.
     0 | D:1      | Reached XP level 1. HP: 18/18 MP: 1/1
   184 | D:1      | Gained mutation: You sometimes gain a little power by
                  | taking damage. [demonic ancestry]
   184 | D:1      | Reached XP level 2. HP: 24/24 MP: 2/2
   940 | D:2      | Reached XP level 3. HP: 27/29 MP: 3/3
  1499 | D:2      | Frozen to death by an endoplasm

Illustrated notes

Levels and vault maps discovered:
D:1:      minmay_arrival_widening_spiral_wide, layout_loops_ring,
          hangedman_decor_opposing
D:2:      minmay_diamond_boxcup, layout_basic,
          hellmonk_ecumenical_altar_run_dry, kennysheep_generic_room_16

Skill      XL: |  1  2 |
---------------+-------+-----
Long Blades    | 2 3 |  3.7
Fighting       | |  3.0
Armour         | |  2.6
Shields        | |  2.6

Action                     || total
---------------------------++-------
  Melee: Long sword        ||   120
 Armour: Scale mail        ||    72
  Dodge: Dodged            ||    51
  Block: Buckler           ||    32

Table legend: (Time is in decaauts)
 A = Elapsed time spent in this place.
 B = Non-inter-level travel time spent in this place.
 C = Inter-level travel time spent in this place.
 D = Time resting spent in this place.
 E = Time spent auto-exploring this place.
 F = Levels seen in this place.
 G = Mean time per level.
                   A        B        C        D        E       F      G
               +--------+--------+--------+--------+--------+-----+--------+
         Total |   1535 |   1533 |      2 |      0 |   1267 |   2 |  767.5 |
       Dungeon |   1535 |   1533 |      2 |      0 |   1267 |   2 |  767.5 |
               +--------+--------+--------+--------+--------+-----+--------+

Top non-repeatable levels by time:
     D:1: 829 daAuts
     D:2: 706 daAuts
